 Dungeon Sprint DCSS version 0.23.2-1-ga50397a6bc (webtiles) character file.

Game seed: 343644525590271774

125 Denreik the Digger (level 5, -4/41 HPs)
             Began as a Gnoll Earth Elementalist on Apr 14, 2019.
             Slain by a neqoxec (11 damage)
             ... in the Dungeon (Sprint II: "The Violet Keep of Menkaure").
             The game lasted 00:00:46 (17 turns).

Denreik the Digger (Gnoll Earth Elementalist)         Turns: 17, Time: 00:00:46

Health: -4/41      AC:  2    Str: 11      XL:     5   Next: 9%
Magic:  9/13       EV: 15    Int: 16 (18) God:
Gold:   0          SH:  0    Dex: 15      Spells: 15/16 levels left

rFire    . . .     SeeInvis .     - Unarmed
rCold    . . .     Gourm    .   (no shield)
rNeg     . . .     Faith    .   c - +0 robe
rPois    .         Spirit   .   (no helmet)
rElec    .         Reflect  .   (no cloak)
rCorr    .         Harm     .   (no gloves)
MR       .....     NoTele   +   (no boots)
Stlth    +++.......             (no amulet)
HPRegen  0.13/turn              (no ring)
MPRegen  0.13/turn              (no ring)

@: very slightly contaminated, hasted, very quick
A: distributed training, fangs 1, strong nose
a: no special abilities


You were in the Dungeon.
You were not hungry.

You visited 1 branch

Inventory:

Missiles
 b - 21 stones (quivered)
Armour
 c - a +0 robe (worn)
Scrolls
 j - a scroll of blinking
Potions
 e - a potion of curing
 f - a potion of heal wounds
 h - a potion of magic
 i - a potion of berserk rage
Comestibles
 d - a ration


   Skills:
 + Level 3.1 Fighting
 + Level 3.1 Short Blades
 + Level 3.1 Long Blades
 + Level 3.1 Axes
 + Level 3.1 Maces & Flails
 + Level 3.1 Polearms
 + Level 3.1 Staves
 + Level 3.1 Slings
 + Level 3.1 Bows
 + Level 3.1 Crossbows
 + Level 3.1 Throwing
 + Level 3.1 Armour
 + Level 5.6 Dodging
 + Level 5.3 Stealth
 + Level 3.1 Shields
 + Level 3.1 Unarmed Combat
 + Level 6.0 Spellcasting
 + Level 2.5 Conjurations
 + Level 2.5 Hexes
 + Level 2.5 Charms
 + Level 2.5 Summonings
 + Level 2.5 Necromancy
 + Level 2.5 Translocations
 + Level 3.4 Transmutations
 + Level 2.5 Fire Magic
 + Level 2.5 Ice Magic
 + Level 2.5 Air Magic
 + Level 6.1 Earth Magic
 + Level 2.5 Poison Magic
 + Level 3.4 Invocations
 + Level 3.1 Evocations


You had 15 spell levels left.
You knew the following spells:

 Your Spells              Type           Power        Failure   Level  Hunger
a - Sandblast             Erth           ###...       1%          1    None

Your spell library contained the following spells:

 Spells                   Type           Power        Failure   Level  Hunger
 Passwall                 Tmut/Erth      ###.....     3%          2    #......
 Stone Arrow              Conj/Erth      ###...       7%          3    ##.....
 Petrify                  Tmut/Erth      ###.....     19%         4    ####...
 Lee's Rapid Deconstruct  Erth           ###.......   30%         5    ######.


Dungeon Overview and Level Annotations

Branches:
Dungeon (1/1)

Altars:


Innate Abilities, Weirdness & Mutations

Your experience applies equally to all skills.
You have very sharp teeth.
Your uncanny sense of smell can sniff out nearby items.


Message History

Aim: a neqoxec (lightly wounded)
The blast of sand hits the neqoxec.
The neqoxec is lightly wounded.
b - 22 stones A neqoxec comes into view.
The neqoxec gestures at you.
You feel dopey. Something feeds on your intellect!
Unknown command.
Casting: Sandblast (safe; 1% risk of failure)
Confirm with . or Enter, or press ? or * to list all spells.
Aiming: Sandblast (safe; 1% risk of failure)
Press: ? - help, Shift-Dir - straight line, f/p - neqoxec
Aim: a neqoxec (lightly wounded)
The blast of sand hits the neqoxec!
The neqoxec is heavily wounded.
b - 21 stones The neqoxec shouts!
The neqoxec hits you!
You die...

∆ ∆ # #+#
.##
##.##.w$#
+.<.+# ∆
##@##.w.#
#3# .##
3## # 3#
## ∆ ∆ ∆


You could see 3 neqoxecs.

Vanquished Creatures
  A neqoxec (D)
1 creature vanquished.

Notes
Turn   | Place    | Note
-------+----------+-------------------------------------------
     0 | D        | Denreik the Gnoll Earth Elementalist began the quest for
                  | the Orb.
     0 | D        | Reached XP level 1. HP: 13/13 MP: 6/6
     1 | D        | Noticed a tyrant leech
     1 | D        | Noticed a tyrant leech
     4 | D        | Noticed a neqoxec
     9 | D        | Noticed a neqoxec
    11 | D        | Killed a neqoxec
    11 | D        | Reached skill level 5 in Dodging
    11 | D        | Reached skill level 5 in Stealth
    11 | D        | Reached XP level 2. HP: 11/24 MP: 1/9
    11 | D        | Reached XP level 3. HP: 14/29 MP: 1/10
    11 | D        | Reached XP level 4. HP: 17/35 MP: 1/12
    11 | D        | Reached XP level 5. HP: 20/41 MP: 1/13
    12 | D        | Noticed a neqoxec
    16 | D        | Noticed a neqoxec
    17 | D        | Slain by a neqoxec

Skill      XL: |  1 |
---------------+----+-----
Fighting       | 3 |  3.1
Short Blades   | 3 |  3.1
Long Blades    | 3 |  3.1
Axes           | 3 |  3.1
Maces & Flails | 3 |  3.1
Polearms       | 3 |  3.1
Staves         | 3 |  3.1
Slings         | 3 |  3.1
Bows           | 3 |  3.1
Crossbows      | 3 |  3.1
Throwing       | 3 |  3.1
Armour         | 3 |  3.1
Dodging        | 5 |  5.6
Stealth        | 5 |  5.3
Shields        | 3 |  3.1
Unarmed Combat | 3 |  3.1
Spellcasting   | 6 |  6.0
Conjurations   | 2 |  2.5
Hexes          | 2 |  2.5
Charms         | 2 |  2.5
Summonings     | 2 |  2.5
Necromancy     | 2 |  2.5
Translocations | 2 |  2.5
Transmutations | 3 |  3.4
Fire Magic     | 2 |  2.5
Ice Magic      | 2 |  2.5
Air Magic      | 2 |  2.5
Earth Magic    | 6 |  6.1
Poison Magic   | 2 |  2.5
Invocations    | 3 |  3.4
Evocations     | 3 |  3.1

Action                   |  1- 3 |  4- 6 || total
-------------------------+-------+-------++-------
 Cast: Sandblast         |     4 |     5 ||     9
  Use: Potion            |     1 |     1 ||     2
Dodge: Dodged            |     1 |     1 ||     2
